| TOP OF THE 1ST |
|
Arizona Diamondbacks batting - Pitching for San Diego Padres : RHP Timóteo Metzener
|
|
Pitching: RHP Timóteo Metzener
|
|
|
Batting: RHB Katilimomi Kelekolio
|
0-0: Ball 1-0: Fly out, F2 (Popup, 25F, EV 85.6 MPH)
|
|
Batting: LHB Eric Klasek
|
0-0: Ball 1-0: SINGLE (Line Drive, 9S, EV 106.2 MPH)
|
|
Batting: SHB Alec Thorpe
|
0-0: Foul Ball, location: 2F 0-1: Ball Eric Klasek steals 2nd base 1-1: Ball 2-1: Foul Ball, location: 2F 2-2: Fly out, F8 (Flyball, 78D, EV 105.0 MPH)
|
|
Batting: RHB David Price Jr.
|
0-0: Called Strike 0-1: Ball 1-1: Foul Ball, location: 2F 1-2: Fly out, F8 (Flyball, 78D, EV 108.1 MPH)
|
| Top of the 1st over - 0 runs, 1 hit, 0 errors, 1 left on base; Arizona 0 - San Diego 0 |
| BOTTOM OF THE 1ST |
|
San Diego Padres batting - Pitching for Arizona Diamondbacks : RHP Miguel Martinez
|
|
Pitching: RHP Miguel Martinez
|
|
|
Batting: LHB Per Meulengracht
|
0-0: Reached on error, E5 (Groundball, 56S, EV 83.1 MPH)
|
|
Batting: LHB Andy Bowman
|
0-0: Ground out 2-3 (Groundball, 13S, EV 69.4 MPH) Per Meulengracht to third
|
|
Batting: LHB Aaron LeBlanc
|
0-0: Swinging Strike 0-1: Called Strike 0-2: Ball 1-2: Strikes out swinging
|
|
Batting: RHB Chiel Palstermans
|
0-0: Ball 1-0: Ball 2-0: Called Strike 2-1: Foul Ball, location: 2F 2-2: Ground out 6-3 (Groundball, 6, EV 110.6 MPH)
|
| Bottom of the 1st over - 0 runs, 0 hits, 1 error, 1 left on base; Arizona 0 - San Diego 0 |
| TOP OF THE 2ND |
|
Arizona Diamondbacks batting - Pitching for San Diego Padres : RHP Timóteo Metzener
|
|
Batting: RHB Micah Christopher
|
0-0: Ball 1-0: Ball 2-0: Called Strike 2-1: Ground out 4-3 (Groundball, 4MS, EV 69.4 MPH)
|
|
Batting: SHB Troy McClure
|
0-0: Ball 1-0: Called Strike 1-1: SINGLE (Line Drive, 7S, EV 108.1 MPH)
|
|
Batting: RHB Luis Villanueva
|
0-0: Ball 1-0: Swinging Strike 1-1: Called Strike Troy McClure steals 2nd base 1-2: Ball 2-2: Ball 3-2: DOUBLE (Line Drive, 78D, EV 100.0 MPH) Troy McClure scores
|
|
Batting: SHB Valentin Laporte
|
0-0: Foul Ball, location: 2F 0-1: Swinging Strike 0-2: Fly out, F8 (Flyball, 89D, EV 90.6 MPH)
|
|
Batting: RHB Joe Smack
|
0-0: Ball 1-0: Swinging Strike 1-1: Swinging Strike 1-2: Foul Ball, location: 2F 1-2: Ball 2-2: Foul Ball, location: 2F 2-2: Foul Ball, location: 2F 2-2: Strikes out looking
|
| Top of the 2nd over - 1 run, 2 hits, 0 errors, 1 left on base; Arizona 1 - San Diego 0 |
| BOTTOM OF THE 2ND |
|
San Diego Padres batting - Pitching for Arizona Diamondbacks : RHP Miguel Martinez
|
|
Batting: RHB Alois Wollf
|
0-0: Called Strike 0-1: Foul Ball, location: 2F 0-2: Strikes out swinging
|
|
Batting: RHB Alberto Cotto
|
0-0: Foul Ball, location: 2F 0-1: Called Strike 0-2: Ball 1-2: Ball 2-2: SINGLE (Line Drive, 78S, EV 103.1 MPH)
|
|
Batting: LHB Conrad Taylor
|
0-0: Ball 1-0: Ball 2-0: Grounds into double play, 4-6-3 (Groundball, 4, EV 78.1 MPH)
|
| Bottom of the 2nd over - 0 runs, 1 hit, 0 errors, 0 left on base; Arizona 1 - San Diego 0 |
| TOP OF THE 3RD |
|
Arizona Diamondbacks batting - Pitching for San Diego Padres : RHP Timóteo Metzener
|
|
Batting: RHB Katilimomi Kelekolio
|
0-0: Ball 1-0: Ball 2-0: Ball 3-0: Called Strike 3-1: Fly out, F4 (Line Drive, 4, EV 71.2 MPH)
|
|
Batting: LHB Eric Klasek
|
0-0: Called Strike 0-1: Foul Ball, location: 2F 0-2: Strikes out looking
|
|
Batting: SHB Alec Thorpe
|
0-0: Called Strike 0-1: Foul Ball, location: 2F 0-2: Foul Ball, location: 2F 0-2: Strikes out swinging
|
| Top of the 3rd over - 0 runs, 0 hits, 0 errors, 0 left on base; Arizona 1 - San Diego 0 |
| BOTTOM OF THE 3RD |
|
San Diego Padres batting - Pitching for Arizona Diamondbacks : RHP Miguel Martinez
|
|
Batting: LHB Chris Moody
|
0-0: Ball 1-0: Fly out, F8 (Flyball, 89D, EV 91.2 MPH)
|
|
Batting: LHB Joseph Martin
|
0-0: Ball 1-0: Ball 2-0: Ground out 4-3 (Groundball, 4S, EV 88.1 MPH)
|
|
Batting: LHB Per Meulengracht
|
0-0: Ball 1-0: Ball 2-0: Ground out U3 (Groundball, 3, EV 105.6 MPH)
|
| Bottom of the 3rd over - 0 runs, 0 hits, 0 errors, 0 left on base; Arizona 1 - San Diego 0 |
| TOP OF THE 4TH |
|
Arizona Diamondbacks batting - Pitching for San Diego Padres : RHP Timóteo Metzener
|
|
Batting: RHB David Price Jr.
|
0-0: Ball 1-0: DOUBLE (Line Drive, 78XD, EV 100.6 MPH)
|
|
Batting: RHB Micah Christopher
|
0-0: Ball 1-0: Foul Ball, location: 2F 1-1: Ball 2-1: Ground out 6-3 (Groundball, 6, EV 83.8 MPH) David Price Jr. to third
|
|
Batting: SHB Troy McClure
|
0-0: Called Strike 0-1: Called Strike 0-2: Foul Ball, location: 2F 0-2: Ball 1-2: Ball 2-2: Strikes out swinging
|
|
Batting: RHB Luis Villanueva
|
0-0: Ball 1-0: Called Strike 1-1: Ground out 5-3 (Groundball, 56S, EV 86.2 MPH)
|
| Top of the 4th over - 0 runs, 1 hit, 0 errors, 1 left on base; Arizona 1 - San Diego 0 |
| BOTTOM OF THE 4TH |
|
San Diego Padres batting - Pitching for Arizona Diamondbacks : RHP Miguel Martinez
|
|
Batting: LHB Andy Bowman
|
0-0: Fly out, F7 (Flyball, 78M, EV 85.6 MPH)
|
|
Batting: LHB Aaron LeBlanc
|
0-0: Ball 1-0: Called Strike 1-1: Ball 2-1: Called Strike 2-2: Foul Ball, location: 2F 2-2: Foul Ball, location: 2F 2-2: Strikes out swinging
|
|
Batting: RHB Chiel Palstermans
|
0-0: Ball 1-0: SINGLE (Groundball, 6M, EV 104.4 MPH) (infield hit)
|
|
Batting: RHB Alois Wollf
|
0-0: Called Strike 0-1: Ball 1-1: Ball 2-1: Ball 3-1: Swinging Strike 3-2: SINGLE (Line Drive, 6D, EV 103.8 MPH) Chiel Palstermans to second Chiel Palstermans to third
|
|
Batting: RHB Alberto Cotto
|
0-0: Fly out, F8 (Flyball, 8LXD, EV 97.5 MPH)
|
| Bottom of the 4th over - 0 runs, 2 hits, 0 errors, 2 left on base; Arizona 1 - San Diego 0 |
| TOP OF THE 5TH |
|
Arizona Diamondbacks batting - Pitching for San Diego Padres : RHP Timóteo Metzener
|
|
Pitching: RHP Tristan Vollmer
|
|
|
Batting: SHB Valentin Laporte
|
0-0: Foul Ball, location: 2F 0-1: Bunt for hit to 23 - play at first, batter OUT! 3-4
|
|
Batting: RHB Joe Smack
|
0-0: Called Strike 0-1: Ball 1-1: Foul Ball, location: 2F 1-2: DOUBLE (Flyball, 8RXD, EV 112.5 MPH)
|
|
Batting: RHB Katilimomi Kelekolio
|
0-0: Called Strike 0-1: Called Strike 0-2: Ball 1-2: Strikes out swinging
|
|
Batting: LHB Eric Klasek
|
0-0: Ball 1-0: Ball 2-0: Ball 3-0: Called Strike 3-1: Hit by Pitch
|
|
Batting: SHB Alec Thorpe
|
0-0: Ball 1-0: Ball 2-0: Ball 3-0: Called Strike 3-1: Called Strike 3-2: Foul Ball, location: 2F 3-2: Foul Ball, location: 2F 3-2: Fly out, F8 (Line Drive, 8LM, EV 105.0 MPH)
|
| Top of the 5th over - 0 runs, 1 hit, 0 errors, 2 left on base; Arizona 1 - San Diego 0 |
| BOTTOM OF THE 5TH |
|
San Diego Padres batting - Pitching for Arizona Diamondbacks : RHP Miguel Martinez
|
|
Pitching: RHP Gerardo Camacho
|
|
|
Batting: LHB Conrad Taylor
|
0-0: Ball 1-0: Foul Ball, location: 2F 1-1: Ball 2-1: Ball 3-1: Swinging Strike 3-2: SINGLE (Groundball, 34D, EV 98.1 MPH)
|
|
Batting: LHB Chris Moody
|
0-0: Fly out, F8 (Flyball, 8LM, EV 89.4 MPH)
|
|
Batting: LHB Joseph Martin
|
0-0: Ball 1-0: SINGLE (Groundball, 6MS, EV 69.4 MPH) (infield hit) Conrad Taylor to second
|
|
Batting: LHB Per Meulengracht
|
0-0: Ball 1-0: Called Strike 1-1: Grounds into double play, 4-6-3 (Groundball, 4, EV 85.6 MPH)
|
| Bottom of the 5th over - 0 runs, 2 hits, 0 errors, 1 left on base; Arizona 1 - San Diego 0 |
| TOP OF THE 6TH |
|
Arizona Diamondbacks batting - Pitching for San Diego Padres : RHP Tristan Vollmer
|
|
Batting: RHB David Price Jr.
|
0-0: Foul Ball, location: 2F 0-1: Ball 1-1: Ground out 5-3 (Groundball, 56, EV 80.6 MPH)
|
|
Batting: RHB Micah Christopher
|
0-0: Ball 1-0: Ball 2-0: Foul Ball, location: 2F 2-1: Called Strike 2-2: Strikes out looking
|
|
Batting: SHB Troy McClure
|
0-0: Swinging Strike 0-1: Ball 1-1: Foul Ball, location: 2F 1-2: Ball 2-2: Strikes out swinging
|
| Top of the 6th over - 0 runs, 0 hits, 0 errors, 0 left on base; Arizona 1 - San Diego 0 |
| BOTTOM OF THE 6TH |
|
San Diego Padres batting - Pitching for Arizona Diamondbacks : RHP Gerardo Camacho
|
|
Batting: LHB Andy Bowman
|
0-0: Ball 1-0: Ball 2-0: Ball 3-0: Base on Balls
|
|
Batting: LHB Aaron LeBlanc
|
0-0: Grounds into double play, 6-4-3 (Groundball, 6M, EV 103.1 MPH)
|
|
Batting: RHB Chiel Palstermans
|
0-0: Called Strike 0-1: Fly out, F8 (Line Drive, 8RM, EV 88.8 MPH)
|
| Bottom of the 6th over - 0 runs, 0 hits, 0 errors, 0 left on base; Arizona 1 - San Diego 0 |
| TOP OF THE 7TH |
|
Arizona Diamondbacks batting - Pitching for San Diego Padres : RHP Tristan Vollmer
|
|
Pitching: RHP Jason Decker
|
|
|
Batting: RHB Luis Villanueva
|
0-0: Foul Ball, location: 2F 0-1: Called Strike 0-2: Ball 1-2: Ball 2-2: Foul Ball, location: 2F 2-2: Ball 3-2: Strikes out looking
|
|
Batting: SHB Valentin Laporte
|
0-0: Called Strike 0-1: Ball 1-1: Ground out 6-3 (Groundball, 6S, EV 80.0 MPH)
|
|
Batting: RHB Joe Smack
|
0-0: SINGLE (Groundball, 4M, EV 99.4 MPH) (infield hit)
|
|
Pinch Hitting: RHB Jon Solano
|
0-0: Called Strike 0-1: Foul Ball, location: 2F 0-2: Strikes out swinging
|
| Top of the 7th over - 0 runs, 1 hit, 0 errors, 1 left on base; Arizona 1 - San Diego 0 |
| BOTTOM OF THE 7TH |
|
San Diego Padres batting - Pitching for Arizona Diamondbacks : RHP Gerardo Camacho
|
|
Pitching: RHP Nick Burcham
|
|
|
Now at 2B: Jon Solano
|
|
|
Now in LF: Eric Klasek
|
|
|
Now in RF: Fabrice Bertin
|
|
|
Batting: RHB Alois Wollf
|
0-0: Ball 1-0: Ball 2-0: Ball 3-0: Called Strike 3-1: Called Strike 3-2: Foul Ball, location: 2F 3-2: Strikes out swinging
|
|
Batting: RHB Alberto Cotto
|
0-0: Ball 1-0: SINGLE (Groundball, 4MD, EV 100.6 MPH)
|
|
Batting: LHB Conrad Taylor
|
0-0: Swinging Strike 0-1: Reached on error, E4 (Groundball, 4D, EV 98.1 MPH) Alberto Cotto to second
|
|
Batting: LHB Chris Moody
|
0-0: Ball 1-0: Ball 2-0: DOUBLE (Groundball, 3L, EV 103.1 MPH) Alberto Cotto scores Conrad Taylor to third
|
|
Batting: LHB Joseph Martin
|
0-0: Ball 1-0: Swinging Strike 1-1: Foul Ball, location: 2F 1-2: Strikes out swinging
|
|
Pinch Hitting: RHB Carlos Reyes
|
0-0: Ground out 6-3 (Groundball, 6, EV 95.0 MPH)
|
| Bottom of the 7th over - 1 run, 2 hits, 1 error, 2 left on base; Arizona 1 - San Diego 1 |
| TOP OF THE 8TH |
|
Arizona Diamondbacks batting - Pitching for San Diego Padres : RHP Jason Decker
|
|
Now in LF: Carlos Reyes
|
|
|
Pinch Hitting: LHB Roy Steigerwald
|
0-0: Ball 1-0: Foul Ball, location: 2F 1-1: Foul Ball, location: 2F 1-2: Foul Ball, location: 2F 1-2: Fly out, F9 (Flyball, 89XD, EV 100.0 MPH)
|
|
Pinch Hitting: RHB Andy Swaim
|
0-0: Ball 1-0: Called Strike 1-1: Ball 2-1: Fly out, F5 (Flyball, 5D, EV 86.9 MPH)
|
|
Pinch Hitting: LHB Kyle Beaulieu
|
0-0: Ball 1-0: Foul Ball, location: 2F 1-1: Foul Ball, location: 2F 1-2: Foul Ball, location: 2F 1-2: Fly out, F6 (Flyball, 6MD, EV 85.0 MPH)
|
| Top of the 8th over - 0 runs, 0 hits, 0 errors, 0 left on base; Arizona 1 - San Diego 1 |
| BOTTOM OF THE 8TH |
|
San Diego Padres batting - Pitching for Arizona Diamondbacks : RHP Nick Burcham
|
|
Pitching: RHP Sean Hartgrove
|
|
|
Now at 3B: Kyle Beaulieu
|
|
|
Now at SS: Andy Swaim
|
|
|
Now in LF: Joe Smack
|
|
|
Now in CF: Roy Steigerwald
|
|
|
Pinch Hitting: LHB Ryan Flynn Jr.
|
0-0: Ball 1-0: SOLO HOME RUN (Flyball, 7D, EV 111.2 MPH), Distance : 422 ft
|
|
Pinch Hitting: RHB Bobby Ayala
|
0-0: Called Strike 0-1: Foul Ball, location: 2F 0-2: Ground out 5-3 (Groundball, 56, EV 87.5 MPH)
|
|
Batting: RHB Chiel Palstermans
|
0-0: Foul Ball, location: 2F 0-1: Ball 1-1: Foul Ball, location: 2F 1-2: Foul Ball, location: 2F 1-2: Foul Ball, location: 2F 1-2: Fly out, F8 (Flyball, 78M, EV 86.2 MPH)
|
|
Pinch Hitting: RHB Jose Morrissey
|
0-0: Called Strike 0-1: Ball 1-1: Fly out, F9 (Line Drive, 9, EV 104.4 MPH)
|
| Bottom of the 8th over - 1 run, 1 hit, 0 errors, 0 left on base; Arizona 1 - San Diego 2 |
| TOP OF THE 9TH |
|
Arizona Diamondbacks batting - Pitching for San Diego Padres : RHP Jason Decker
|
|
Pitching: RHP Jack Overbeek
|
|
|
Now at 1B: Jose Morrissey
|
|
|
Now at 2B: Bobby Ayala
|
|
|
Now in CF: Ryan Flynn Jr.
|
|
|
Now in RF: Chris Moody
|
|
|
Pinch Hitting: RHB Mario Soto
|
0-0: Ground out 3-1 (Groundball, 34, EV 97.5 MPH)
|
|
Pinch Hitting: LHB Danny Dunham
|
0-0: Ball 1-0: Called Strike 1-1: Foul Ball, location: 2F 1-2: Ball 2-2: Fly out, F7 (Flyball, 7S, EV 81.2 MPH)
|
|
Pinch Hitting: RHB Israel Gaona
|
0-0: Foul Ball, location: 2F 0-1: Foul Ball, location: 2F 0-2: Foul Ball, location: 2F 0-2: Ball 1-2: Strikes out swinging
|
| Top of the 9th over - 0 runs, 0 hits, 0 errors, 0 left on base; Arizona 1 - San Diego 2 |
|